FLORIDA Panthers vs DETROIT Red Wings (R2)

Created - 27 mars 2024 at 16:16

Goals
1 2 3 OT1 T
FLORIDA Panthers 1 2 2 0 5
DETROIT Red Wings 1 2 2 1 6
Shots
1 2 3 OT1 T
FLORIDA Panthers 14 7 12 0 33
DETROIT Red Wings 8 14 7 1 30

1st period

1. DETROIT Red Wings , Zach Hyman 23 (Bryan Rust 32, Sidney Crosby 49) at 8:42
2. FLORIDA Panthers , Adam Henrique 10 (Yegor Sharangovich 9, Connor Murphy 19) at 12:09

Penalties :
Ryan O'Reilly (DET) for Tripping (Minor) at 1:06, Brady Skjei (FLO) for Tripping (Minor) at 1:06, Yegor Sharangovich (FLO) for Tripping (Minor) at 3:21, Colton Parayko (DET) for Hooking (Minor) at 6:20, Brady Skjei (FLO) for Slashing (Minor) at 14:28, Connor Murphy (FLO) for Hooking (Minor) at 14:49

2nd period

3. FLORIDA Panthers , Brock Nelson 18 (Jake Walman 17) at 5:18
4. DETROIT Red Wings , Zach Hyman 24 (Colton Parayko 45, Alex Ovechkin 24) at 7:27 (PP)
5. DETROIT Red Wings , Kevin Hayes 8 (Nikita Zadorov 25, Colton Parayko 46) at 16:29 (PP)
6. FLORIDA Panthers , Josh Morrissey 14 (Brock Nelson 22, Brandon Saad 14) at 19:17 (PP)

Penalties :
Connor Murphy (FLO) for Holding (Minor) at 5:39, Brady Skjei (FLO) for Holding (Minor) at 8:14, Brady Skjei (FLO) for Slashing (Double Minor) at 13:44, Zach Whitecloud (DET) for Slashing (Minor) at 17:44

3rd period

7. FLORIDA Panthers , Steven Stamkos 18 (Dougie Hamilton 24, Matthew Tkachuk 40) at 0:51
8. DETROIT Red Wings , Trevor Lewis 7 (Luke Glendening 6, Derek Forbort 13) at 3:18 (SH)
9. DETROIT Red Wings , Alex Ovechkin 26 (T.J. Brodie 28) at 5:09 (PP)
10. FLORIDA Panthers , Steven Stamkos 19 (Carter Verhaeghe 11, Matthew Tkachuk 41) at 6:09

Penalties :
Nikita Zadorov (DET) for Goalie Interference (Minor) at 2:37, Connor Murphy (FLO) for Holding (Minor) at 4:17, Carter Verhaeghe (FLO) for Hooking (Minor) at 6:10, Vincent Trocheck (FLO) for Tripping (Minor) at 18:20

Overtime #1

11. DETROIT Red Wings , Luke Glendening 5 (Sidney Crosby 50, Nikita Zadorov 26) at 0:24

Penalties :
No Penalty

Goalie Stats

Darcy Kuemper (FLO), 24 saves from 30 shots - (0,800), OTL, 29-24-8, 60:25 minutes
John Gibson (DET), 28 saves from 33 shots - (0,848), W, 32-21-7, 60:25 minutes

Players Stats for FLORIDA Panthers

Player Name              G  A  P  +/- PIM S  H  SB GA TA FO     MP     PP MP  PK MP  
------------------------------------------------------------------------------------
Adam Henrique            1  0  1   0  0   2  0  0  0  0  10/16  10:16   0:00   3:24 
Brady Skjei              0  0  0   0  10  2  1  2  0  0  0/0    19:51   2:06   3:37 
Brandon Saad             0  1  1   1  0   2  1  0  0  0  0/1    13:10   2:42   0:00 
Brock Nelson             1  1  2   0  0   6  1  1  0  0  1/2    23:50   2:42   9:31 
Carter Verhaeghe         0  1  1   1  2   1  2  0  0  0  0/0    17:48   2:30   0:00 
Connor Murphy            0  1  1   1  6   0  2  0  0  0  0/0    16:24   1:42   6:43 
Derek Grant              0  0  0   0  0   1  0  0  0  0  4/7     4:49   0:00   0:00 
Dougie Hamilton          0  1  1   0  0   0  0  1  0  0  0/0    21:57   3:29   4:12 
Eetu Luostarinen         0  0  0   0  0   2  2  0  0  0  6/12   13:36   0:00   6:44 
Jake Walman              0  1  1   2  0   0  1  1  0  0  0/0    15:23   0:00   6:24 
Jordan Martinook         0  0  0  -1  0   1  0  0  0  0  0/0     5:23   0:00   0:29 
Josh Morrissey           1  0  1   0  0   2  1  1  0  0  0/0    20:43   3:06   1:02 
Matthew Tkachuk          0  2  2   1  0   1  3  0  0  0  0/0    19:03   2:30   0:00 
Ryan McDonagh            0  0  0   0  0   0  0  5  0  0  0/0    26:20   0:00   8:45 
Ryan McLeod              0  0  0   0  0   1  0  0  0  0  1/1     4:49   0:00   0:00 
Steven Stamkos           2  0  2   1  0   7  1  0  0  0  10/21  19:20   2:30   0:17 
Vincent Trocheck         0  0  0   1  2   4  4  0  0  0  16/32  22:34   2:42   8:21 
Yegor Sharangovich       0  1  1   0  2   1  1  0  0  0  0/0     6:51   0:00   0:00 

Players Stats for DETROIT Red Wings

Player Name              G  A  P  +/- PIM S  H  SB GA TA FO     MP     PP MP  PK MP  
------------------------------------------------------------------------------------
Alex Ovechkin            1  1  2   0  0   4  0  0  0  0  1/5    21:05   8:46   0:08 
Bryan Rust               0  1  1  -1  0   2  2  0  0  0  0/0    18:53   6:04   0:00 
Colton Parayko           0  2  2  -1  2   6  2  1  0  0  0/0    25:17   7:35   1:45 
Dakota Joshua            0  0  0   0  0   1  4  0  0  0  1/1     6:34   0:40   0:00 
Danton Heinen            0  0  0  -1  0   1  0  0  0  0  0/0     8:13   0:00   0:00 
Derek Forbort            0  1  1   0  0   1  3  0  0  0  0/0    13:11   0:00   2:43 
Jeff Petry               0  0  0  -1  0   1  5  2  0  0  0/0    23:43   7:27   2:36 
Josh Anderson            0  0  0  -1  0   0  3  0  0  0  0/1    20:30   6:04   3:07 
Josh Archibald           0  0  0   0  0   0  1  0  0  0  0/1     5:07   0:00   0:00 
Kevin Hayes              1  0  1  -1  0   1  0  0  0  0  4/13    8:57   0:28   0:00 
Luke Glendening          1  1  2   2  0   1  0  0  0  0  5/9     7:09   0:00   1:57 
Nikita Zadorov           0  2  2   0  2   3  5  2  0  0  0/0    25:31   7:35   2:13 
Ryan O'Reilly            0  0  0  -1  2   1  1  0  0  0  15/22  20:29   6:04   3:07 
Sidney Crosby            0  2  2  -1  0   0  3  0  0  0  17/39  23:10   8:30   0:00 
T.J. Brodie              0  1  1  -1  0   1  0  2  0  0  0/0    21:07   7:27   0:00 
Trevor Lewis             1  0  1   0  0   1  1  0  0  0  0/0    10:18   0:00   2:05 
Zach Hyman               2  0  2  -1  0   6  4  0  0  0  1/1    22:54   8:30   0:00 
Zach Whitecloud          0  0  0   0  2   0  2  2  0  0  0/0    11:53   0:00   1:07 

3 Stars

1 - Zach Hyman (DET)
2 - Steven Stamkos (FLO)
3 - Luke Glendening (DET)

Power Play

FLORIDA Panthers - 1 on 3 Attempt(s) - 33,33%
DETROIT Red Wings - 3 on 10 Attempt(s) - 30,00%

Penalty Kill

FLORIDA Panthers - 7 on 10 Attempt(s) - 70,00% - Score 0 goal in Penalty Kill
DETROIT Red Wings - 2 on 3 Attempt(s) - 66,67% - Score 1 goal in Penalty Kill

Team Stat

FLORIDA Panthers - Hits : 20 - Faceoff Wins : 48 - Blocked Shots : 11 - Penalty Minutes : 22
DETROIT Red Wings - Hits : 36 - Faceoff Wins : 44 - Blocked Shots : 9 - Penalty Minutes : 8

Official

Referees : Brandon Schrader and Justin St. Pierre
Linesman : Mark Shewchyk and Cassandra Gregory

Game Notes

No Game Note

Finance

Level 1 -- Attendance: 4939 (82,32%) -- Ticket Income $488,961
Level 2 -- Attendance: 4487 (89,74%) -- Ticket Income $264,733
Level 3 -- Attendance: 1759 (87,95%) -- Ticket Income $65,083
Level 4 -- Attendance: 4000 (100,00%) -- Ticket Income $60,000
Luxury Box -- Attendance: 700 (70,00%) -- Ticket Income $145,600
Game was played at the Joe Louis Arena.
Total Attendance: 15885 (88,25%)
Total Ticket Income: $1,024,377
Other Income: $256,094
Total Income: $1,280,471

FLORIDA Panthers

5 vs 5 Forward 
   Center                   Left Wing                Right Wing               Time % Phy DF OF 
 1 Steven Stamkos           Carter Verhaeghe         Matthew Tkachuk          40     1   2  2  
 2 Vincent Trocheck         Brock Nelson             Brandon Saad             30     1   1  3  
 3 Adam Henrique            Eetu Luostarinen         Yegor Sharangovich       20     1   2  2  
 4 Derek Grant              Ryan McLeod              Jordan Martinook         10     1   2  2  

5 vs 5 Defense 
   Defense                  Defense                                           Time % Phy DF OF 
 1 Josh Morrissey           Ryan McDonagh                                     40     1   2  2  
 2 Dougie Hamilton          Brady Skjei                                       30     1   2  2  
 3 Connor Murphy            Jake Walman                                       20     1   2  2  
 4 Brady Skjei              Ryan McDonagh                                     10     1   2  2  

PowerPlay Forward 
   Center                   Left Wing                Right Wing               Time % Phy DF OF 
 1 Steven Stamkos           Carter Verhaeghe         Matthew Tkachuk          60     1   1  3  
 2 Vincent Trocheck         Brock Nelson             Brandon Saad             40     1   1  3  

PowerPlay Defense
   Defense                  Defense                                           Time % Phy DF OF 
 1 Josh Morrissey           Dougie Hamilton                                   70     1   1  3  
 2 Brady Skjei              Dougie Hamilton                                   30     1   1  3  

Penalty Kill 4 Players Forward 
   Center                   Wing                     Time % Phy DF OF 
 1 Vincent Trocheck         Brock Nelson             60     1   3  1  
 2 Adam Henrique            Eetu Luostarinen         40     1   4  0  

Penalty Kill 4 Players Defense
   Defense                  Defense                  Time % Phy DF OF 
 1 Ryan McDonagh            Brady Skjei              60     1   3  1  
 2 Connor Murphy            Jake Walman              40     1   3  1  

Penalty Kill - 3 Players Forward 
   Forward                                           Time % Phy DF OF 
 1 Eetu Luostarinen                                  60     0   5  0  
 2 Vincent Trocheck                                  40     0   5  0  

Penalty Kill - 3 Players Defense
   Defense                  Defense                  Time % Phy DF OF 
 1 Connor Murphy            Ryan McDonagh            60     1   4  0  
 2 Brady Skjei              Jake Walman              40     1   4  0  

4 vs 4 Forward 
   Center                   Wing                     Time % Phy DF OF 
 1 Steven Stamkos           Matthew Tkachuk          60     1   2  2  
 2 Vincent Trocheck         Brock Nelson             40     1   2  2  

4 vs 4 Defense
   Defense                  Defense                  Time % Phy DF OF 
 1 Josh Morrissey           Ryan McDonagh            60     1   2  2  
 2 Brady Skjei              Jake Walman              40     1   2  2  

Last Minutes Offensive
   Center                   Left Wing                Right Wing               Defense                  Defense                  
   Steven Stamkos           Carter Verhaeghe         Matthew Tkachuk          Josh Morrissey           Dougie Hamilton          

Last Minutes Defensive
   Center                   Left Wing                Right Wing               Defense                  Defense                  
   Vincent Trocheck         Brock Nelson             Brandon Saad             Ryan McDonagh            Connor Murphy            

Goaltenders
Starting : Darcy Kuemper            
Backup : Cayden Primeau           

Extra Forwards
Normal : Steven Stamkos, Matthew Tkachuk, Carter Verhaeghe - PP : Yegor Sharangovich, Adam Henrique - PK : Eetu Luostarinen
Extra Defensemen
Normal : Brady Skjei, Dougie Hamilton, Connor Murphy - PP : Dougie Hamilton - PK : Ryan McDonagh, Connor Murphy
Penalty Shots
Steven Stamkos, Matthew Tkachuk, Brock Nelson, Carter Verhaeghe, Vincent Trocheck

Scratches
None

DETROIT Red Wings

5 vs 5 Forward 
   Center                   Left Wing                Right Wing               Time % Phy DF OF 
 1 Sidney Crosby            Bryan Rust               Zach Hyman               38     0   2  3  
 2 Ryan O'Reilly            Alex Ovechkin            Josh Anderson            36     0   2  3  
 3 Kevin Hayes              Danton Heinen            Trevor Lewis             16     0   3  2  
 4 Luke Glendening          Dakota Joshua            Josh Archibald           10     0   4  1  

5 vs 5 Defense 
   Defense                  Defense                                           Time % Phy DF OF 
 1 Nikita Zadorov           Colton Parayko                                    35     1   2  2  
 2 Jeff Petry               T.J. Brodie                                       34     1   2  2  
 3 Zach Whitecloud          Derek Forbort                                     25     1   3  1  
 4 Nikita Zadorov           Colton Parayko                                    6      1   2  2  

PowerPlay Forward 
   Center                   Left Wing                Right Wing               Time % Phy DF OF 
 1 Sidney Crosby            Alex Ovechkin            Zach Hyman               60     0   1  4  
 2 Ryan O'Reilly            Bryan Rust               Josh Anderson            40     0   1  4  

PowerPlay Defense
   Defense                  Defense                                           Time % Phy DF OF 
 1 Nikita Zadorov           Colton Parayko                                    60     0   1  4  
 2 Jeff Petry               T.J. Brodie                                       40     0   1  4  

Penalty Kill 4 Players Forward 
   Center                   Wing                     Time % Phy DF OF 
 1 Ryan O'Reilly            Josh Anderson            60     1   4  0  
 2 Luke Glendening          Trevor Lewis             40     1   4  0  

Penalty Kill 4 Players Defense
   Defense                  Defense                  Time % Phy DF OF 
 1 Zach Whitecloud          Derek Forbort            60     1   4  0  
 2 Nikita Zadorov           Colton Parayko           40     1   4  0  

Penalty Kill - 3 Players Forward 
   Forward                                           Time % Phy DF OF 
 1 Ryan O'Reilly                                     60     0   4  1  
 2 Luke Glendening                                   40     0   4  1  

Penalty Kill - 3 Players Defense
   Defense                  Defense                  Time % Phy DF OF 
 1 Zach Whitecloud          Derek Forbort            60     0   4  1  
 2 Nikita Zadorov           Colton Parayko           40     0   4  1  

4 vs 4 Forward 
   Center                   Wing                     Time % Phy DF OF 
 1 Sidney Crosby            Zach Hyman               60     0   2  3  
 2 Ryan O'Reilly            Alex Ovechkin            40     0   2  3  

4 vs 4 Defense
   Defense                  Defense                  Time % Phy DF OF 
 1 Nikita Zadorov           Colton Parayko           60     0   2  3  
 2 Jeff Petry               T.J. Brodie              40     0   2  3  

Last Minutes Offensive
   Center                   Left Wing                Right Wing               Defense                  Defense                  
   Sidney Crosby            Alex Ovechkin            Zach Hyman               Nikita Zadorov           Colton Parayko           

Last Minutes Defensive
   Center                   Left Wing                Right Wing               Defense                  Defense                  
   Sidney Crosby            Alex Ovechkin            Zach Hyman               Nikita Zadorov           Colton Parayko           

Goaltenders
Starting : John Gibson              
Backup : Calvin Pickard           

Extra Forwards
Normal : Dakota Joshua, Kevin Hayes, Trevor Lewis - PP : Dakota Joshua, Kevin Hayes - PK : Trevor Lewis
Extra Defensemen
Normal : Zach Whitecloud, Derek Forbort, Jeff Petry - PP : Zach Whitecloud - PK : Derek Forbort, Jeff Petry
Penalty Shots
Sidney Crosby, Alex Ovechkin, Zach Hyman, Bryan Rust, Ryan O'Reilly

Scratches
None


% Time on Ice - FLORIDA Panthers

Lines # - Real PCT - Wanted PCT - Time Play
Normal Forward
1 - 41% - 40% - 15:19
2 - 28% - 30% - 10:28
3 - 18% - 20% - 6:52
4 - 13% - 10% - 4:49
Normal Defense
1 - 41% - 40% - 15:21
2 - 35% - 30% - 13:12
3 - 21% - 20% - 7:55
4 - 3% - 10% - 1:00
PP Forward
1 - 48% - 60% - 2:30
2 - 52% - 40% - 2:42
PP Defense
1 - 60% - 70% - 3:06
2 - 40% - 30% - 2:06
PK Forward
1 - 75% - 60% - 10:00
2 - 25% - 40% - 3:24
PK Defense
1 - 60% - 60% - 8:06
2 - 40% - 40% - 5:18
PK3 Forward
1 - 90% - 60% - 1:46
2 - 10% - 40% - 0:12
PK3 Defense
1 - 44% - 60% - 0:52
2 - 56% - 40% - 1:06
44 Forward
1 - 54% - 60% - 1:14
2 - 46% - 40% - 1:04
44 Defense
1 - 54% - 60% - 1:14
2 - 46% - 40% - 1:04
Last Minute Offensive  - 0:00
Last Minute Defensive  - 0:00
Total
Forward - 60:20
Defense - 60:20

% Time on Ice - DETROIT Red Wings

Lines # - Real PCT - Wanted PCT - Time Play
Normal Forward
1 - 34% - 38% - 12:49
2 - 30% - 36% - 11:19
3 - 22% - 16% - 8:13
4 - 14% - 10% - 5:07
Normal Defense
1 - 39% - 35% - 14:32
2 - 33% - 34% - 12:28
3 - 28% - 25% - 10:28
4 - 0% - 6% - 0:00
PP Forward
1 - 60% - 60% - 8:58
2 - 40% - 40% - 6:04
PP Defense
1 - 50% - 60% - 7:35
2 - 50% - 40% - 7:27
PK Forward
1 - 63% - 60% - 3:15
2 - 38% - 40% - 1:57
PK Defense
1 - 38% - 60% - 1:57
2 - 63% - 40% - 3:15
PK3 Forward
1 - 0% - 60%
2 - 0% - 40%
PK3 Defense
1 - 0% - 60%
2 - 0% - 40%
44 Forward
1 - 70% - 60% - 1:51
2 - 30% - 40% - 0:47
44 Defense
1 - 54% - 60% - 1:26
2 - 46% - 40% - 1:12
Last Minute Offensive  - 0:00
Last Minute Defensive  - 0:00
Total
Forward - 60:20
Defense - 60:20

Play-by-Play

1st period


0:01 of 1st period - Sidney Crosby wins face-off versus Steven Stamkos in neutral zone.
1:06 of 1st period - Minor Penalty to Ryan O'Reilly for Tripping.
1:06 of 1st period - Minor Penalty to Brady Skjei for Tripping.
1:07 of 1st period - Sidney Crosby wins face-off versus Vincent Trocheck in FLORIDA Panthers zone.
1:40 of 1st period - Shot by Vincent Trocheck.
1:40 of 1st period - Shot Blocked by Jeff Petry.
1:42 of 1st period - Shot by Brock Nelson.
1:42 of 1st period - Stopped by John Gibson without a rebound.
1:43 of 1st period - Dakota Joshua wins face-off versus Steven Stamkos in DETROIT Red Wings zone.
2:19 of 1st period - Shot by Dakota Joshua.
2:19 of 1st period - Shot Blocked by Ryan McDonagh.
2:25 of 1st period - Shot by Alex Ovechkin.
2:25 of 1st period - Deflect By Dakota Joshua.
2:25 of 1st period - Stopped by Darcy Kuemper with a rebound.
2:43 of 1st period - Shot by Vincent Trocheck.
2:43 of 1st period - Shot Misses the Net.
2:49 of 1st period - Shot by Brock Nelson.
2:49 of 1st period - Deflect By Vincent Trocheck.
2:49 of 1st period - Stopped by John Gibson without a rebound.
2:50 of 1st period - Brock Nelson wins face-off versus Sidney Crosby in DETROIT Red Wings zone.
3:01 of 1st period - Kevin Hayes is hit by Vincent Trocheck and loses puck.
3:12 of 1st period - Shot by Eetu Luostarinen.
3:12 of 1st period - Stopped by John Gibson with a rebound.
3:14 of 1st period - Shot by Yegor Sharangovich.
3:14 of 1st period - Stopped by John Gibson without a rebound.
3:15 of 1st period - Adam Henrique wins face-off versus Kevin Hayes in DETROIT Red Wings zone.
3:21 of 1st period - Minor Penalty to Yegor Sharangovich for Tripping.
3:22 of 1st period - Ryan O'Reilly wins face-off versus Vincent Trocheck in FLORIDA Panthers zone.
3:33 of 1st period - Colton Parayko is hit by Vincent Trocheck and loses puck.
3:40 of 1st period - Shot by Nikita Zadorov.
3:40 of 1st period - Deflect By Bryan Rust.
3:40 of 1st period - Stopped by Darcy Kuemper with a rebound.
3:42 of 1st period - Shot by Nikita Zadorov.
3:42 of 1st period - Shot Blocked by Ryan McDonagh.
3:44 of 1st period - Shot by Bryan Rust.
3:44 of 1st period - Shot Blocked by Brady Skjei.
3:46 of 1st period - Shot by Colton Parayko.
3:46 of 1st period - Shot Misses the Net.
4:18 of 1st period - Icing by Colton Parayko.
4:19 of 1st period - Ryan O'Reilly wins face-off versus Adam Henrique in DETROIT Red Wings zone.
4:19 of 1st period - Ryan O'Reilly is hit by Eetu Luostarinen.
5:08 of 1st period - Shot by Alex Ovechkin.
5:08 of 1st period - Stopped by Darcy Kuemper with a rebound.
5:19 of 1st period - Icing by Sidney Crosby.
5:20 of 1st period - Adam Henrique wins face-off versus Sidney Crosby in DETROIT Red Wings zone.
5:46 of 1st period - Trevor Lewis is hit by Jake Walman and loses puck.
6:04 of 1st period - Matthew Tkachuk is hit by Trevor Lewis and loses puck.
6:20 of 1st period - Minor Penalty to Colton Parayko for Hooking.
6:21 of 1st period - Ryan O'Reilly wins face-off versus Brandon Saad in DETROIT Red Wings zone.
7:23 of 1st period - Shot by Matthew Tkachuk.
7:23 of 1st period - Shot Blocked by Zach Whitecloud.
7:25 of 1st period - Shot by Brady Skjei.
7:25 of 1st period - Stopped by John Gibson without a rebound.
7:26 of 1st period - Ryan O'Reilly wins face-off versus Steven Stamkos in DETROIT Red Wings zone.
7:55 of 1st period - Shot by Brady Skjei.
7:55 of 1st period - Stopped by John Gibson without a rebound.
7:56 of 1st period - Luke Glendening wins face-off versus Vincent Trocheck in DETROIT Red Wings zone.
8:18 of 1st period - Shot by Brock Nelson.
8:18 of 1st period - Shot Misses the Net.
8:40 of 1st period - Shot by Zach Hyman.
8:40 of 1st period - Shot Misses the Net.
8:42 of 1st period - Shot by Zach Hyman.
8:42 of 1st period - Goal by Zach Hyman - FLORIDA Panthers : 0 - DETROIT Red Wings : 1.
8:43 of 1st period - Luke Glendening wins face-off versus Derek Grant in neutral zone.
8:55 of 1st period - Josh Morrissey is hit by Derek Forbort and loses puck.
9:11 of 1st period - Icing by Josh Morrissey.
9:12 of 1st period - Derek Grant wins face-off versus Ryan O'Reilly in FLORIDA Panthers zone.
9:12 of 1st period - Ryan McDonagh is hit by Ryan O'Reilly and loses puck.
9:43 of 1st period - Dougie Hamilton is hit by Josh Anderson and loses puck.
10:05 of 1st period - Icing by Brady Skjei.
10:06 of 1st period - Vincent Trocheck wins face-off versus Sidney Crosby in FLORIDA Panthers zone.
10:06 of 1st period - Vincent Trocheck is hit by Sidney Crosby.
10:19 of 1st period - Icing by Dougie Hamilton.
10:20 of 1st period - Vincent Trocheck wins face-off versus Kevin Hayes in FLORIDA Panthers zone.
10:45 of 1st period - Shot by Kevin Hayes.
10:45 of 1st period - Shot Misses the Net.
11:46 of 1st period - Shot by Bryan Rust.
11:46 of 1st period - Shot Misses the Net.
11:57 of 1st period - Matthew Tkachuk is hit by Nikita Zadorov and loses puck.
12:02 of 1st period - Shot by Steven Stamkos.
12:02 of 1st period - Stopped by John Gibson without a rebound.
12:03 of 1st period - Eetu Luostarinen wins face-off versus Ryan O'Reilly in DETROIT Red Wings zone.
12:03 of 1st period - Eetu Luostarinen is hit by Jeff Petry.
12:09 of 1st period - Shot by Adam Henrique.
12:09 of 1st period - Goal by Adam Henrique - FLORIDA Panthers : 1 - DETROIT Red Wings : 1.
12:10 of 1st period - Ryan O'Reilly wins face-off versus Adam Henrique in neutral zone.
12:23 of 1st period - Shot by Connor Murphy.
12:23 of 1st period - Shot Hit the Post.
12:25 of 1st period - Shot by Yegor Sharangovich.
12:25 of 1st period - Shot Misses the Net.
13:12 of 1st period - Steven Stamkos is hit by Josh Archibald and loses puck.
13:22 of 1st period - Carter Verhaeghe is hit by Nikita Zadorov and loses puck.
13:36 of 1st period - Shot by Matthew Tkachuk.
13:36 of 1st period - Deflect By Steven Stamkos.
13:36 of 1st period - Stopped by John Gibson without a rebound.
13:37 of 1st period - Ryan McLeod wins face-off versus Sidney Crosby in DETROIT Red Wings zone.
13:56 of 1st period - Shot by Ryan McLeod.
13:56 of 1st period - Stopped by John Gibson without a rebound.
13:57 of 1st period - Vincent Trocheck wins face-off versus Kevin Hayes in DETROIT Red Wings zone.
13:58 of 1st period - Shot by Brock Nelson.
13:58 of 1st period - Shot Blocked by Colton Parayko.
14:00 of 1st period - Shot by Brock Nelson.
14:00 of 1st period - Deflect By Brandon Saad.
14:00 of 1st period - Stopped by John Gibson with a rebound.
14:02 of 1st period - Shot by Brandon Saad.
14:02 of 1st period - Stopped by John Gibson without a rebound.
14:03 of 1st period - Steven Stamkos wins face-off versus Sidney Crosby in DETROIT Red Wings zone.
14:20 of 1st period - Shot by Bryan Rust.
14:20 of 1st period - Stopped by Darcy Kuemper without a rebound.
14:21 of 1st period - Vincent Trocheck wins face-off versus Ryan O'Reilly in FLORIDA Panthers zone.
14:21 of 1st period - Brock Nelson is hit by Josh Anderson and loses puck.
14:28 of 1st period - Minor Penalty to Brady Skjei for Slashing.
14:29 of 1st period - Vincent Trocheck wins face-off versus Sidney Crosby in FLORIDA Panthers zone.
14:42 of 1st period - Shot by Colton Parayko.
14:42 of 1st period - Shot Blocked by Brock Nelson.
14:49 of 1st period - Minor Penalty to Connor Murphy for Hooking.
14:50 of 1st period - Eetu Luostarinen wins face-off versus Ryan O'Reilly in FLORIDA Panthers zone.
15:20 of 1st period - Shot by Jeff Petry.
15:20 of 1st period - Stopped by Darcy Kuemper without a rebound.
15:21 of 1st period - Sidney Crosby wins face-off versus Eetu Luostarinen in FLORIDA Panthers zone.
15:26 of 1st period - Shot by Nikita Zadorov.
15:26 of 1st period - Shot Blocked by Ryan McDonagh.
15:28 of 1st period - Shot by Colton Parayko.
15:28 of 1st period - Stopped by Darcy Kuemper without a rebound.
15:29 of 1st period - Eetu Luostarinen wins face-off versus Alex Ovechkin in FLORIDA Panthers zone.
15:45 of 1st period - Icing by Alex Ovechkin.
15:46 of 1st period - Sidney Crosby wins face-off versus Eetu Luostarinen in DETROIT Red Wings zone.
16:08 of 1st period - Icing by Sidney Crosby.
16:09 of 1st period - Zach Hyman wins face-off versus Eetu Luostarinen in DETROIT Red Wings zone.
16:09 of 1st period - Zach Hyman is hit by Eetu Luostarinen.
16:15 of 1st period - Shot by Alex Ovechkin.
16:15 of 1st period - Stopped by Darcy Kuemper without a rebound.
16:16 of 1st period - Ryan O'Reilly wins face-off versus Eetu Luostarinen in FLORIDA Panthers zone.
16:58 of 1st period - Trevor Lewis is hit by Josh Morrissey and loses puck.
17:02 of 1st period - Icing by Steven Stamkos.
17:03 of 1st period - Steven Stamkos wins face-off versus Luke Glendening in FLORIDA Panthers zone.
17:03 of 1st period - Steven Stamkos is hit by Dakota Joshua.
17:06 of 1st period - Icing by Matthew Tkachuk.
17:07 of 1st period - Steven Stamkos wins face-off versus Sidney Crosby in FLORIDA Panthers zone.
17:09 of 1st period - Icing by Ryan McDonagh.
17:10 of 1st period - Steven Stamkos wins face-off versus Alex Ovechkin in FLORIDA Panthers zone.
17:35 of 1st period - Shot by T.J. Brodie.
17:35 of 1st period - Shot Misses the Net.
17:53 of 1st period - Shot by Steven Stamkos.
17:53 of 1st period - Stopped by John Gibson without a rebound.
17:54 of 1st period - Sidney Crosby wins face-off versus Vincent Trocheck in DETROIT Red Wings zone.
17:54 of 1st period - Sidney Crosby is hit by Brandon Saad.
18:08 of 1st period - Shot by Brock Nelson.
18:08 of 1st period - Stopped by John Gibson without a rebound.
18:09 of 1st period - Adam Henrique wins face-off versus Kevin Hayes in DETROIT Red Wings zone.
18:09 of 1st period - Connor Murphy is hit by Derek Forbort and loses puck.
18:15 of 1st period - Icing by Kevin Hayes.
18:16 of 1st period - Vincent Trocheck wins face-off versus Kevin Hayes in DETROIT Red Wings zone.
19:10 of 1st period - Vincent Trocheck is hit by Colton Parayko and loses puck.
Goals for this period are 1 for FLORIDA Panthers vs 1 for DETROIT Red Wings.
Shots for this period are 14 for FLORIDA Panthers vs 8 for DETROIT Red Wings.

2nd period


0:01 of 2nd period - Ryan O'Reilly wins face-off versus Steven Stamkos in neutral zone.
0:11 of 2nd period - Matthew Tkachuk is hit by Jeff Petry and loses puck.
0:35 of 2nd period - Icing by Ryan McDonagh.
0:36 of 2nd period - Steven Stamkos wins face-off versus Sidney Crosby in FLORIDA Panthers zone.
0:36 of 2nd period - Steven Stamkos is hit by Bryan Rust.
1:57 of 2nd period - Vincent Trocheck is hit by Dakota Joshua and loses puck.
2:50 of 2nd period - Alex Ovechkin is hit by Yegor Sharangovich.
2:51 of 2nd period - Icing by Alex Ovechkin.
2:52 of 2nd period - Alex Ovechkin wins face-off versus Derek Grant in DETROIT Red Wings zone.
2:56 of 2nd period - Jeff Petry is hit by Connor Murphy and loses puck.
2:59 of 2nd period - Shot by Alex Ovechkin.
2:59 of 2nd period - Stopped by Darcy Kuemper without a rebound.
3:00 of 2nd period - Derek Grant wins face-off versus Sidney Crosby in FLORIDA Panthers zone.
4:18 of 2nd period - Alex Ovechkin is hit by Carter Verhaeghe and loses puck.
4:29 of 2nd period - Shot by Steven Stamkos.
4:29 of 2nd period - Shot Misses the Net.
4:59 of 2nd period - Shot by Carter Verhaeghe.
4:59 of 2nd period - Stopped by John Gibson without a rebound.
5:00 of 2nd period - Kevin Hayes wins face-off versus Vincent Trocheck in DETROIT Red Wings zone.
5:00 of 2nd period - Kevin Hayes is hit by Brock Nelson.
5:18 of 2nd period - Shot by Brock Nelson.
5:18 of 2nd period - Goal by Brock Nelson - FLORIDA Panthers : 2 - DETROIT Red Wings : 1.
5:19 of 2nd period - Adam Henrique wins face-off versus Sidney Crosby in neutral zone.
5:21 of 2nd period - Jake Walman is hit by Colton Parayko and loses puck.
5:39 of 2nd period - Minor Penalty to Connor Murphy for Holding.
5:40 of 2nd period - Sidney Crosby wins face-off versus Vincent Trocheck in FLORIDA Panthers zone.
6:02 of 2nd period - Shot by T.J. Brodie.
6:02 of 2nd period - Stopped by Darcy Kuemper without a rebound.
6:03 of 2nd period - Ryan O'Reilly wins face-off versus Vincent Trocheck in FLORIDA Panthers zone.
6:08 of 2nd period - Shot by Nikita Zadorov.
6:08 of 2nd period - Shot Blocked by Ryan McDonagh.
6:16 of 2nd period - Shot by Nikita Zadorov.
6:16 of 2nd period - Stopped by Darcy Kuemper without a rebound.
6:17 of 2nd period - Sidney Crosby wins face-off versus Vincent Trocheck in FLORIDA Panthers zone.
6:28 of 2nd period - Shot by Zach Hyman.
6:28 of 2nd period - Stopped by Darcy Kuemper without a rebound.
6:29 of 2nd period - Ryan O'Reilly wins face-off versus Vincent Trocheck in FLORIDA Panthers zone.
6:52 of 2nd period - Shot by Brock Nelson.
6:52 of 2nd period - Shot Misses the Net.
7:23 of 2nd period - Shot by Alex Ovechkin.
7:23 of 2nd period - Shot Misses the Net.
7:25 of 2nd period - Shot by Colton Parayko.
7:25 of 2nd period - Stopped by Darcy Kuemper with a rebound.
7:27 of 2nd period - Shot by Zach Hyman.
7:27 of 2nd period - Goal by Zach Hyman - FLORIDA Panthers : 2 - DETROIT Red Wings : 2.
7:28 of 2nd period - Steven Stamkos wins face-off versus Kevin Hayes in neutral zone.
7:39 of 2nd period - Icing by Carter Verhaeghe.
7:40 of 2nd period - Steven Stamkos wins face-off versus Luke Glendening in FLORIDA Panthers zone.
7:40 of 2nd period - Steven Stamkos is hit by Dakota Joshua.
7:43 of 2nd period - Icing by Brady Skjei.
7:44 of 2nd period - Kevin Hayes wins face-off versus Steven Stamkos in FLORIDA Panthers zone.
7:52 of 2nd period - Kevin Hayes is hit by Brady Skjei and loses puck.
8:14 of 2nd period - Minor Penalty to Brady Skjei for Holding.
8:15 of 2nd period - Vincent Trocheck wins face-off versus Sidney Crosby in FLORIDA Panthers zone.
8:41 of 2nd period - Shot by Sidney Crosby.
8:41 of 2nd period - Deflect By Zach Hyman.
8:41 of 2nd period - Shot Misses the Net.
8:43 of 2nd period - Shot by Sidney Crosby.
8:43 of 2nd period - Deflect By Alex Ovechkin.
8:43 of 2nd period - Shot Misses the Net.
8:45 of 2nd period - Shot by Alex Ovechkin.
8:45 of 2nd period - Shot Misses the Net.
8:47 of 2nd period - Shot by Zach Hyman.
8:47 of 2nd period - Stopped by Darcy Kuemper without a rebound.
8:48 of 2nd period - Ryan O'Reilly wins face-off versus Vincent Trocheck in FLORIDA Panthers zone.
9:10 of 2nd period - Shot by Nikita Zadorov.
9:10 of 2nd period - Stopped by Darcy Kuemper without a rebound.
9:11 of 2nd period - Sidney Crosby wins face-off versus Adam Henrique in FLORIDA Panthers zone.
10:01 of 2nd period - Icing by Jeff Petry.
10:02 of 2nd period - Adam Henrique wins face-off versus Alex Ovechkin in DETROIT Red Wings zone.
10:03 of 2nd period - Shot by Eetu Luostarinen.
10:03 of 2nd period - Shot Blocked by T.J. Brodie.
10:21 of 2nd period - Shot by Colton Parayko.
10:21 of 2nd period - Shot Misses the Net.
10:23 of 2nd period - Shot by Colton Parayko.
10:23 of 2nd period - Stopped by Darcy Kuemper with a rebound.
10:25 of 2nd period - Shot by Colton Parayko.
10:25 of 2nd period - Shot Blocked by Brady Skjei.
10:39 of 2nd period - Shot by Danton Heinen.
10:39 of 2nd period - Stopped by Darcy Kuemper without a rebound.
10:40 of 2nd period - Adam Henrique wins face-off versus Luke Glendening in FLORIDA Panthers zone.
10:49 of 2nd period - Eetu Luostarinen is hit by Dakota Joshua and loses puck.
10:54 of 2nd period - Shot by Dakota Joshua.
10:54 of 2nd period - Shot Misses the Net.
10:56 of 2nd period - Shot by Derek Forbort.
10:56 of 2nd period - Stopped by Darcy Kuemper without a rebound.
10:57 of 2nd period - Vincent Trocheck wins face-off versus Kevin Hayes in FLORIDA Panthers zone.
11:08 of 2nd period - Shot by Kevin Hayes.
11:08 of 2nd period - Shot Misses the Net.
11:33 of 2nd period - Shot by Kevin Hayes.
11:33 of 2nd period - Shot Misses the Net.
13:01 of 2nd period - Shot by Zach Hyman.
13:01 of 2nd period - Shot Misses the Net.
13:34 of 2nd period - Eetu Luostarinen is hit by Nikita Zadorov and loses puck.
13:44 of 2nd period - Double Minor Penalty to Brady Skjei for Slashing.
13:45 of 2nd period - Ryan O'Reilly wins face-off versus Vincent Trocheck in FLORIDA Panthers zone.
14:12 of 2nd period - Shot by Colton Parayko.
14:12 of 2nd period - Shot Misses the Net.
14:14 of 2nd period - Shot by Colton Parayko.
14:14 of 2nd period - Shot Misses the Net.
14:16 of 2nd period - Shot by Colton Parayko.
14:16 of 2nd period - Stopped by Darcy Kuemper without a rebound.
14:17 of 2nd period - Adam Henrique wins face-off versus Sidney Crosby in FLORIDA Panthers zone.
14:17 of 2nd period - Adam Henrique is hit by Zach Hyman.
14:53 of 2nd period - Shot by Zach Hyman.
14:53 of 2nd period - Shot Blocked by Ryan McDonagh.
16:21 of 2nd period - Shot by Kevin Hayes.
16:21 of 2nd period - Shot Misses the Net.
16:23 of 2nd period - Shot by Colton Parayko.
16:23 of 2nd period - Shot Misses the Net.
16:25 of 2nd period - Shot by Nikita Zadorov.
16:25 of 2nd period - Shot Misses the Net.
16:27 of 2nd period - Shot by Nikita Zadorov.
16:27 of 2nd period - Shot Blocked by Dougie Hamilton.
16:29 of 2nd period - Shot by Kevin Hayes.
16:29 of 2nd period - Goal by Kevin Hayes - FLORIDA Panthers : 2 - DETROIT Red Wings : 3.
16:30 of 2nd period - Kevin Hayes wins face-off versus Steven Stamkos in neutral zone.
16:30 of 2nd period - Zach Whitecloud is hit by Matthew Tkachuk.
16:40 of 2nd period - Shot by Steven Stamkos.
16:40 of 2nd period - Stopped by John Gibson without a rebound.
16:41 of 2nd period - Adam Henrique wins face-off versus Josh Archibald in DETROIT Red Wings zone.
16:42 of 2nd period - Shot by Josh Morrissey.
16:42 of 2nd period - Shot Misses the Net.
17:07 of 2nd period - Shot by Eetu Luostarinen.
17:07 of 2nd period - Stopped by John Gibson without a rebound.
17:08 of 2nd period - Kevin Hayes wins face-off versus Steven Stamkos in DETROIT Red Wings zone.
17:08 of 2nd period - Kevin Hayes is hit by Steven Stamkos.
17:18 of 2nd period - Trevor Lewis is hit by Carter Verhaeghe and loses puck.
17:26 of 2nd period - Steven Stamkos is hit by Derek Forbort and loses puck.
17:35 of 2nd period - Shot by Matthew Tkachuk.
17:35 of 2nd period - Shot Misses the Net.
17:39 of 2nd period - Shot by Matthew Tkachuk.
17:39 of 2nd period - Shot Misses the Net.
17:41 of 2nd period - Shot by Steven Stamkos.
17:41 of 2nd period - Shot Misses the Net.
17:43 of 2nd period - Shot by Matthew Tkachuk.
17:43 of 2nd period - Stopped by John Gibson with a rebound.
17:44 of 2nd period - Minor Penalty to Zach Whitecloud for Slashing.
17:45 of 2nd period - Vincent Trocheck wins face-off versus Ryan O'Reilly in DETROIT Red Wings zone.
18:16 of 2nd period - Shot by Dougie Hamilton.
18:16 of 2nd period - Shot Misses the Net.
18:50 of 2nd period - Steven Stamkos is hit by Jeff Petry and loses puck.
19:15 of 2nd period - Shot by Josh Morrissey.
19:15 of 2nd period - Stopped by John Gibson with a rebound.
19:17 of 2nd period - Shot by Josh Morrissey.
19:17 of 2nd period - Goal by Josh Morrissey - FLORIDA Panthers : 3 - DETROIT Red Wings : 3.
19:18 of 2nd period - Sidney Crosby wins face-off versus Adam Henrique in neutral zone.
19:25 of 2nd period - Shot by Zach Hyman.
19:25 of 2nd period - Stopped by Darcy Kuemper without a rebound.
19:26 of 2nd period - Adam Henrique wins face-off versus Sidney Crosby in FLORIDA Panthers zone.
19:26 of 2nd period - Adam Henrique is hit by Bryan Rust.
19:38 of 2nd period - Icing by Colton Parayko.
19:39 of 2nd period - Derek Grant wins face-off versus Sidney Crosby in DETROIT Red Wings zone.
Goals for this period are 2 for FLORIDA Panthers vs 2 for DETROIT Red Wings.
Shots for this period are 7 for FLORIDA Panthers vs 14 for DETROIT Red Wings.

3rd period


0:01 of 3rd period - Ryan O'Reilly wins face-off versus Vincent Trocheck in neutral zone.
0:14 of 3rd period - Shot by Vincent Trocheck.
0:14 of 3rd period - Stopped by John Gibson without a rebound.
0:15 of 3rd period - Sidney Crosby wins face-off versus Steven Stamkos in DETROIT Red Wings zone.
0:20 of 3rd period - Dougie Hamilton is hit by Zach Hyman and loses puck.
0:40 of 3rd period - Matthew Tkachuk is hit by Nikita Zadorov and loses puck.
0:49 of 3rd period - Shot by Steven Stamkos.
0:49 of 3rd period - Shot Blocked by Nikita Zadorov.
0:51 of 3rd period - Shot by Steven Stamkos.
0:51 of 3rd period - Goal by Steven Stamkos - FLORIDA Panthers : 4 - DETROIT Red Wings : 3.
0:52 of 3rd period - Ryan O'Reilly wins face-off versus Vincent Trocheck in neutral zone.
0:59 of 3rd period - Shot by Ryan O'Reilly.
0:59 of 3rd period - Stopped by Darcy Kuemper without a rebound.
1:00 of 3rd period - Vincent Trocheck wins face-off versus Ryan O'Reilly in FLORIDA Panthers zone.
1:55 of 3rd period - Carter Verhaeghe is hit by Josh Anderson.
2:24 of 3rd period - Icing by Nikita Zadorov.
2:25 of 3rd period - Adam Henrique wins face-off versus Sidney Crosby in DETROIT Red Wings zone.
2:37 of 3rd period - Minor Penalty to Nikita Zadorov for Goalie Interference.
2:38 of 3rd period - Luke Glendening wins face-off versus Steven Stamkos in DETROIT Red Wings zone.
2:38 of 3rd period - Luke Glendening is hit by Matthew Tkachuk.
3:16 of 3rd period - Shot by Trevor Lewis.
3:16 of 3rd period - Shot Blocked by Josh Morrissey.
3:18 of 3rd period - Shot by Trevor Lewis.
3:18 of 3rd period - Goal by Trevor Lewis - FLORIDA Panthers : 4 - DETROIT Red Wings : 4.
3:19 of 3rd period - Ryan O'Reilly wins face-off versus Vincent Trocheck in neutral zone.
3:56 of 3rd period - Shot by Brock Nelson.
3:56 of 3rd period - Stopped by John Gibson without a rebound.
3:57 of 3rd period - Ryan O'Reilly wins face-off versus Steven Stamkos in DETROIT Red Wings zone.
4:17 of 3rd period - Minor Penalty to Connor Murphy for Holding.
4:18 of 3rd period - Steven Stamkos wins face-off versus Sidney Crosby in FLORIDA Panthers zone.
4:29 of 3rd period - Shot by Steven Stamkos.
4:29 of 3rd period - Shot Blocked by Zach Whitecloud.
4:35 of 3rd period - Colton Parayko is hit by Matthew Tkachuk and loses puck.
4:43 of 3rd period - Icing by Zach Hyman.
4:44 of 3rd period - Sidney Crosby wins face-off versus Vincent Trocheck in DETROIT Red Wings zone.
4:44 of 3rd period - Sidney Crosby is hit by Vincent Trocheck.
5:04 of 3rd period - Dougie Hamilton is hit by Zach Hyman and loses puck.
5:09 of 3rd period - Shot by T.J. Brodie.
5:09 of 3rd period - Deflect By Alex Ovechkin.
5:09 of 3rd period - Goal by Alex Ovechkin - FLORIDA Panthers : 4 - DETROIT Red Wings : 5.
5:10 of 3rd period - Luke Glendening wins face-off versus Adam Henrique in neutral zone.
5:28 of 3rd period - Shot by Adam Henrique.
5:28 of 3rd period - Stopped by John Gibson without a rebound.
5:29 of 3rd period - Vincent Trocheck wins face-off versus Josh Anderson in DETROIT Red Wings zone.
5:41 of 3rd period - Shot by Brock Nelson.
5:41 of 3rd period - Stopped by John Gibson with a rebound.
5:43 of 3rd period - Shot by Brock Nelson.
5:43 of 3rd period - Shot Blocked by Nikita Zadorov.
6:01 of 3rd period - Shot by Vincent Trocheck.
6:01 of 3rd period - Stopped by John Gibson without a rebound.
6:02 of 3rd period - Steven Stamkos wins face-off versus Sidney Crosby in DETROIT Red Wings zone.
6:05 of 3rd period - Shot by Matthew Tkachuk.
6:05 of 3rd period - Shot Blocked by T.J. Brodie.
6:07 of 3rd period - Shot by Carter Verhaeghe.
6:07 of 3rd period - Shot Misses the Net.
6:09 of 3rd period - Shot by Steven Stamkos.
6:09 of 3rd period - Goal by Steven Stamkos - FLORIDA Panthers : 5 - DETROIT Red Wings : 5.
6:10 of 3rd period - Sidney Crosby wins face-off versus Steven Stamkos in neutral zone.
6:10 of 3rd period - Minor Penalty to Carter Verhaeghe for Hooking.
6:11 of 3rd period - Sidney Crosby wins face-off versus Vincent Trocheck in FLORIDA Panthers zone.
6:54 of 3rd period - Shot by Sidney Crosby.
6:54 of 3rd period - Shot Blocked by Jake Walman.
6:56 of 3rd period - Shot by Colton Parayko.
6:56 of 3rd period - Stopped by Darcy Kuemper with a rebound.
8:01 of 3rd period - Shot by Colton Parayko.
8:01 of 3rd period - Stopped by Darcy Kuemper without a rebound.
8:02 of 3rd period - Vincent Trocheck wins face-off versus Sidney Crosby in FLORIDA Panthers zone.
8:02 of 3rd period - Vincent Trocheck is hit by Sidney Crosby.
8:22 of 3rd period - Shot by Josh Morrissey.
8:22 of 3rd period - Deflect By Steven Stamkos.
8:22 of 3rd period - Stopped by John Gibson without a rebound.
8:23 of 3rd period - Luke Glendening wins face-off versus Derek Grant in DETROIT Red Wings zone.
9:00 of 3rd period - Shot by Luke Glendening.
9:00 of 3rd period - Shot Misses the Net.
9:26 of 3rd period - Icing by Zach Hyman.
9:27 of 3rd period - Steven Stamkos wins face-off versus Sidney Crosby in DETROIT Red Wings zone.
9:27 of 3rd period - Josh Morrissey is hit by Jeff Petry and loses puck.
10:05 of 3rd period - Steven Stamkos is hit by Jeff Petry and loses puck.
10:10 of 3rd period - Shot by Matthew Tkachuk.
10:10 of 3rd period - Shot Blocked by Jeff Petry.
10:12 of 3rd period - Shot by Matthew Tkachuk.
10:12 of 3rd period - Shot Misses the Net.
10:27 of 3rd period - Icing by Jake Walman.
10:28 of 3rd period - Vincent Trocheck wins face-off versus Ryan O'Reilly in FLORIDA Panthers zone.
11:38 of 3rd period - Eetu Luostarinen is hit by Zach Whitecloud and loses puck.
12:43 of 3rd period - Icing by Dougie Hamilton.
12:44 of 3rd period - Sidney Crosby wins face-off versus Adam Henrique in FLORIDA Panthers zone.
14:19 of 3rd period - T.J. Brodie is hit by Vincent Trocheck and loses puck.
14:26 of 3rd period - Shot by Vincent Trocheck.
14:26 of 3rd period - Stopped by John Gibson without a rebound.
14:27 of 3rd period - Derek Grant wins face-off versus Kevin Hayes in DETROIT Red Wings zone.
14:34 of 3rd period - Shot by Jordan Martinook.
14:34 of 3rd period - Shot Misses the Net.
14:52 of 3rd period - Shot by Derek Grant.
14:52 of 3rd period - Stopped by John Gibson without a rebound.
14:53 of 3rd period - Vincent Trocheck wins face-off versus Luke Glendening in DETROIT Red Wings zone.
14:56 of 3rd period - Shot by Brock Nelson.
14:56 of 3rd period - Stopped by John Gibson without a rebound.
14:57 of 3rd period - Vincent Trocheck wins face-off versus Sidney Crosby in DETROIT Red Wings zone.
15:10 of 3rd period - Shot by Brock Nelson.
15:10 of 3rd period - Shot Misses the Net.
15:12 of 3rd period - Shot by Brady Skjei.
15:12 of 3rd period - Shot Misses the Net.
15:32 of 3rd period - Shot by Vincent Trocheck.
15:32 of 3rd period - Shot Misses the Net.
16:19 of 3rd period - Ryan McDonagh is hit by Zach Hyman and loses puck.
16:30 of 3rd period - Shot by Steven Stamkos.
16:30 of 3rd period - Shot Misses the Net.
16:41 of 3rd period - Ryan O'Reilly is hit by Connor Murphy and loses puck.
17:51 of 3rd period - Shot by Jordan Martinook.
17:51 of 3rd period - Stopped by John Gibson without a rebound.
17:52 of 3rd period - Vincent Trocheck wins face-off versus Kevin Hayes in DETROIT Red Wings zone.
17:52 of 3rd period - Vincent Trocheck is hit by Zach Whitecloud.
17:56 of 3rd period - Shot by Brock Nelson.
17:56 of 3rd period - Shot Misses the Net.
18:20 of 3rd period - Minor Penalty to Vincent Trocheck for Tripping.
18:21 of 3rd period - Sidney Crosby wins face-off versus Eetu Luostarinen in FLORIDA Panthers zone.
18:24 of 3rd period - Shot by Zach Hyman.
18:24 of 3rd period - Shot Misses the Net.
18:30 of 3rd period - Shot by Colton Parayko.
18:30 of 3rd period - Shot Misses the Net.
18:32 of 3rd period - Shot by Zach Hyman.
18:32 of 3rd period - Stopped by Darcy Kuemper without a rebound.
18:33 of 3rd period - Sidney Crosby wins face-off versus Brock Nelson in FLORIDA Panthers zone.
18:36 of 3rd period - Shot by Nikita Zadorov.
18:36 of 3rd period - Shot Misses the Net.
18:38 of 3rd period - Shot by Nikita Zadorov.
18:38 of 3rd period - Stopped by Darcy Kuemper without a rebound.
18:39 of 3rd period - Eetu Luostarinen wins face-off versus Alex Ovechkin in FLORIDA Panthers zone.
18:45 of 3rd period - Icing by Colton Parayko.
18:46 of 3rd period - Eetu Luostarinen wins face-off versus Sidney Crosby in DETROIT Red Wings zone.
19:08 of 3rd period - Icing by Colton Parayko.
19:09 of 3rd period - Eetu Luostarinen wins face-off versus Sidney Crosby in DETROIT Red Wings zone.
19:09 of 3rd period - Eetu Luostarinen is hit by Nikita Zadorov.
19:33 of 3rd period - Ryan McDonagh is hit by Sidney Crosby and loses puck.
Goals for this period are 2 for FLORIDA Panthers vs 2 for DETROIT Red Wings.
Shots for this period are 12 for FLORIDA Panthers vs 7 for DETROIT Red Wings.

Overtime #1


0:01 of 1st overtime period - Sidney Crosby wins face-off versus Eetu Luostarinen in neutral zone.
0:22 of 1st overtime period - Shot by Luke Glendening.
0:22 of 1st overtime period - Shot Misses the Net.
0:24 of 1st overtime period - Shot by Luke Glendening.
0:24 of 1st overtime period - Goal by Luke Glendening - FLORIDA Panthers : 5 - DETROIT Red Wings : 6.
Goals for this period are 0 for FLORIDA Panthers vs 1 for DETROIT Red Wings.
Shots for this period are 0 for FLORIDA Panthers vs 1 for DETROIT Red Wings. Output by the SimonT Hockey Simulator (STHS) for Martin Benoit - Original Page W3C HTML5 Valid
Hockey Simulator - Hockey Simulation - Hockey Manager